[ AOE2 MATCH · #471492999 ]
UnrankedVietnamese vs Khmer
[ REPLAY ANALYSIS · EXTRACTED FROM THE RECORDED GAME ]
Feudal
11:59
Castle
15:41
Imperial
30:37
| APM avg | 23.7 |
| APM peak | 62 |
| eAPM avg | 14.0 |
| Villagers / military | 99 / 171 |
Focus
⚔️ 45.4% · 🌾 54.6%
Spearman ×138 · Skirmisher ×12 · Bombard Cannon ×10 · Petard ×5 · Monk ×2 · Mangonel ×2
Feudal
10:50
Castle
13:31
Imperial
34:39
| APM avg | 30.5 |
| APM peak | 80 |
| eAPM avg | 12.6 |
| Villagers / military | 102 / 180 |
Focus
⚔️ 29.4% · 🌾 70.6%
Battle Elephant ×130 · Scorpion ×45 · Monk ×3 · Scout Cavalry ×2
Feudal
9:00
Castle
21:50
Imperial
34:34
| APM avg | 29.5 |
| APM peak | 65 |
| eAPM avg | 16.2 |
| Villagers / military | 174 / 167 |
Focus
⚔️ 28.8% · 🌾 71.2%
Knight ×75 · Steppe Lancer ×61 · Scout Cavalry ×19 · Mangonel ×12
Feudal
12:21
Castle
19:29
Imperial
43:43
| APM avg | 18.2 |
| APM peak | 44 |
| eAPM avg | 13.9 |
| Villagers / military | 83 / 154 |
Focus
⚔️ 44.8% · 🌾 55.2%
Fire Lancer ×116 · Steppe Lancer ×18 · Battering Ram ×6 · Unknown (1911) ×6 · Skirmisher ×5 · Scout Cavalry ×3
Feudal
11:21
Castle
17:33
Imperial
34:54
| APM avg | 37.6 |
| APM peak | 87 |
| eAPM avg | 19.8 |
| Villagers / military | 112 / 243 |
Focus
⚔️ 23.9% · 🌾 76.1%
Archer ×146 · Spearman ×81 · Unknown (2562) ×32 · Petard ×10 · Trebuchet (Packed) ×6
Feudal
11:21
Castle
15:03
Imperial
30:44
| APM avg | 39.1 |
| APM peak | 100 |
| eAPM avg | 21.8 |
| Villagers / military | 212 / 138 |
Focus
⚔️ 29.8% · 🌾 70.2%
Scout Cavalry ×64 · Skirmisher ×60 · Trade Cart ×10 · Hand Cannoneer ×7 · Bombard Cannon ×4 · Trebuchet (Packed) ×3
Match map
Initial resources + every placement click. Lines = walls · curves = elevation contours. ◆ gold · ⬟ stone · ● berries · ✦ relic · ◌ wall gap
Your base· ✓ Closed at 15:41 · 0t walls · 3 gate(s)
KillerChets's base· ✓ Closed at 13:31 · 0t walls · 2 gate(s)
东伯暴打大黄狗's base· ✓ Closed at 21:50 · 0t walls · 2 gate(s)
Jarau's base· ✓ Closed at 19:29 · 0t walls · 2 gate(s)
fezaragoza's base· ✓ Closed at 17:33 · 0t walls · 3 gate(s)
黎羽's base· ✓ Closed at 15:03 · 0t walls · 2 gate(s)
Smoothed initial terrain · ◌ = detected wall gap · hover for details
Inputs per minute
— 常山宪王 - - KillerChets
Build order — 常山宪王
First 150 of 405 actions detected
| 0:01 | Create | Villager (Male) |
| 0:02 | Create | Villager (Male) |
| 0:03 | Build | House |
| 0:06 | Build | House |
| 0:08 | Build | House |
| 0:22 | Create | Villager (Male) |
| 0:22 | Create | Villager (Male) |
| 0:22 | Create | Villager (Male) |
| 1:34 | Create | Villager (Male) |
| 1:34 | Create | Villager (Male) |
| 2:00 | Create | Villager (Male) |
| 2:31 | Create | Villager (Male) |
| 2:31 | Create | Villager (Male) |
| 3:05 | Create | Villager (Male) |
| 3:08 | Build | Mill |
| 3:09 | Create | Villager (Male) |
| 3:09 | Create | Villager (Male) |
| 3:46 | Create | Villager (Male) |
| 3:46 | Create | Villager (Male) |
| 4:18 | Create | Villager (Male) |
| 4:18 | Create | Villager (Male) |
| 4:28 | Create | Villager (Male) |
| 4:52 | Build | Lumber Camp |
| 4:53 | Create | Villager (Male) |
| 4:53 | Create | Villager (Male) |
| 5:23 | Create | Villager (Male) |
| 5:29 | Create | Villager (Male) |
| 5:29 | Create | Villager (Male) |
| 5:57 | Build | House |
| 6:07 | Build | Lumber Camp |
| 6:08 | Create | Villager (Male) |
| 7:06 | Create | Villager (Male) |
| 7:20 | Create | Villager (Male) |
| 7:49 | Build | Mining Camp |
| 7:56 | Create | Villager (Male) |
| 8:43 | Create | Villager (Male) |
| 8:54 | Build | House |
| 9:24 | Create | Villager (Male) |
| 9:46 | Research | Feudal Age |
| 11:41 | Build | Mill |
| 11:47 | Create | Villager (Male) |
| 11:59 | Age | Feudal Age |
| 12:09 | Build | Market |
| 12:19 | Build | Blacksmith |
| 12:31 | Create | Villager (Male) |
| 13:01 | Research | Castle Age |
| 13:08 | Build | Mining Camp |
| 13:24 | Research | Double-Bit Axe |
| 14:02 | Research | Stone Mining |
| 15:01 | Research | Gold Mining |
| 15:19 | Create | Villager (Male) |
| 15:41 | Age | Castle Age |
| 15:59 | Create | Villager (Male) |
| 16:08 | Build | Town Center |
| 16:10 | Create | Villager (Male) |
| 16:35 | Build | Farm |
| 16:37 | Build | Farm |
| 16:51 | Build | House |
| 17:02 | Research | Loom |
| 17:22 | Build | Farm |
| 17:38 | Build | Castle |
| 17:42 | Create | Villager (Male) |
| 17:46 | Build | Farm |
| 17:48 | Build | Farm |
| 17:54 | Build | Farm |
| 17:56 | Research | Horse Collar |
| 17:59 | Create | Villager (Male) |
| 18:00 | Create | Villager (Male) |
| 18:14 | Build | Farm |
| 18:32 | Build | Farm |
| 18:34 | Create | Villager (Male) |
| 18:34 | Create | Villager (Male) |
| 18:39 | Create | Villager (Male) |
| 18:39 | Create | Villager (Male) |
| 18:40 | Create | Villager (Male) |
| 18:51 | Build | Barracks |
| 19:02 | Build | Farm |
| 19:20 | Build | Siege Workshop |
| 19:22 | Create | Villager (Male) |
| 19:29 | Create | Villager (Male) |
| 19:29 | Create | Villager (Male) |
| 19:33 | Build | Farm |
| 19:36 | Build | Farm |
| 19:50 | Build | Archery Range |
| 19:53 | Create | Villager (Male) |
| 19:53 | Create | Villager (Male) |
| 20:00 | Build | Farm |
| 20:08 | Build | Farm |
| 20:11 | Create | Villager (Male) |
| 20:12 | Create | Villager (Male) |
| 20:26 | Create | Villager (Male) |
| 20:27 | Create | Villager (Male) |
| 20:30 | Build | Farm |
| 20:32 | Create | Villager (Male) |
| 21:12 | Create | Villager (Male) |
| 21:12 | Create | Villager (Male) |
| 21:24 | Build | Monastery |
| 21:41 | Create | Villager (Male) |
| 21:46 | Build | Farm |
| 21:48 | Create | Villager (Male) |
| 21:53 | Research | Wheelbarrow |
| 21:56 | Create | Villager (Male) |
| 22:11 | Create | Monk |
| 22:19 | Create | Villager (Male) |
| 22:19 | Create | Villager (Male) |
| 22:24 | Create | Villager (Male) |
| 22:24 | Create | Villager (Male) |
| 22:34 | Research | Bow Saw |
| 22:41 | Research | Heavy Plow |
| 22:48 | Build | Farm |
| 22:51 | Create | Villager (Male) |
| 22:51 | Create | Villager (Male) |
| 23:24 | Build | Farm |
| 23:29 | Build | Farm |
| 24:18 | Research | Hand Cart |
| 24:32 | Build | Farm |
| 24:40 | Build | Farm |
| 24:42 | Build | Mill |
| 24:46 | Build | Farm |
| 24:51 | Build | Farm |
| 24:56 | Create | Villager (Male) |
| 24:57 | Create | Villager (Male) |
| 24:58 | Create | Villager (Male) |
| 25:05 | Create | Petard |
| 25:06 | Create | Petard |
| 25:06 | Create | Petard |
| 25:06 | Create | Petard |
| 25:15 | Build | Gate |
| 25:19 | Create | Mangonel |
| 25:19 | Create | Mangonel |
| 26:31 | Create | Petard |
| 26:39 | Research | Town Watch |
| 26:43 | Build | House |
| 26:45 | Build | House |
| 27:08 | Build | Stone Wall |
| 27:27 | Research | Imperial Age |
| 27:29 | Create | Villager (Male) |
| 27:30 | Create | Villager (Male) |
| 28:49 | Create | Villager (Male) |
| 28:49 | Create | Villager (Male) |
| 29:11 | Research | Pikeman (upgrade) |
| 29:11 | Research | Squires |
| 29:11 | Research | Arson |
| 29:16 | Build | Farm |
| 29:17 | Build | Farm |
| 29:19 | Create | Villager (Male) |
| 29:19 | Create | Villager (Male) |
| 29:19 | Create | Villager (Male) |
| 29:27 | Build | Barracks |
| 29:29 | Build | Barracks |
Build order — KillerChets
First 150 of 278 actions detected
| 0:01 | Create | Villager (Male) |
| 0:01 | Create | Villager (Male) |
| 0:02 | Create | Villager (Male) |
| 0:03 | Build | House |
| 0:06 | Build | House |
| 1:09 | Create | Villager (Male) |
| 1:37 | Create | Villager (Male) |
| 1:53 | Create | Villager (Male) |
| 1:56 | Build | Lumber Camp |
| 2:28 | Create | Villager (Male) |
| 2:56 | Create | Villager (Male) |
| 3:09 | Create | Villager (Male) |
| 3:36 | Build | House |
| 3:51 | Create | Villager (Male) |
| 4:00 | Create | Villager (Male) |
| 4:16 | Create | Villager (Male) |
| 4:30 | Create | Villager (Male) |
| 5:13 | Create | Villager (Male) |
| 5:30 | Create | Villager (Male) |
| 5:46 | Build | Mill |
| 5:58 | Build | House |
| 6:06 | Create | Villager (Male) |
| 6:38 | Create | Villager (Male) |
| 7:01 | Create | Villager (Male) |
| 7:29 | Create | Villager (Male) |
| 7:55 | Create | Villager (Male) |
| 8:33 | Build | Mill |
| 8:40 | Research | Feudal Age |
| 9:02 | Build | House |
| 10:50 | Age | Feudal Age |
| 10:51 | Research | Castle Age |
| 10:51 | Research | Castle Age |
| 11:07 | Build | Stable |
| 11:20 | Research | Double-Bit Axe |
| 11:45 | Research | Horse Collar |
| 12:12 | Create | Villager (Male) |
| 12:16 | Build | Farm |
| 12:25 | Research | Loom |
| 13:04 | Create | Scout Cavalry |
| 13:06 | Create | Scout Cavalry |
| 13:28 | Build | Farm |
| 13:29 | Build | Farm |
| 13:31 | Age | Castle Age |
| 13:36 | Build | Monastery |
| 14:02 | Create | Villager (Male) |
| 14:07 | Build | Farm |
| 14:12 | Create | Villager (Male) |
| 14:32 | Build | Mining Camp |
| 14:34 | Create | Villager (Male) |
| 14:51 | Create | Villager (Male) |
| 14:56 | Build | House |
| 14:57 | Build | House |
| 15:01 | Research | Husbandry |
| 15:19 | Create | Villager (Male) |
| 15:24 | Build | Farm |
| 15:31 | Build | Town Center |
| 16:24 | Create | Villager (Male) |
| 16:30 | Build | Town Center |
| 16:32 | Create | Villager (Male) |
| 16:35 | Build | Farm |
| 16:38 | Create | Monk |
| 16:50 | Create | Villager (Male) |
| 16:53 | Build | Farm |
| 17:03 | Build | Farm |
| 17:16 | Research | Town Watch |
| 17:19 | Build | Farm |
| 17:20 | Create | Villager (Male) |
| 17:48 | Create | Monk |
| 17:52 | Create | Villager (Male) |
| 17:52 | Create | Villager (Male) |
| 17:56 | Build | Farm |
| 17:57 | Build | Farm |
| 17:59 | Build | Farm |
| 18:01 | Build | Farm |
| 18:04 | Build | Mining Camp |
| 18:06 | Create | Villager (Male) |
| 18:21 | Create | Villager (Male) |
| 18:24 | Build | Lumber Camp |
| 18:33 | Create | Villager (Male) |
| 18:52 | Create | Villager (Male) |
| 18:55 | Create | Villager (Male) |
| 19:17 | Build | House |
| 19:17 | Build | House |
| 19:24 | Create | Villager (Male) ×2 |
| 19:39 | Build | Siege Workshop |
| 19:56 | Create | Villager (Male) ×3 |
| 19:59 | Build | Farm |
| 19:59 | Build | Farm |
| 19:59 | Build | Farm |
| 20:26 | Create | Monk |
| 20:30 | Create | Villager (Male) ×4 |
| 20:41 | Build | Farm |
| 20:43 | Build | Farm |
| 20:46 | Build | Farm |
| 20:56 | Research | Bow Saw |
| 21:15 | Create | Villager (Male) ×2 |
| 21:23 | Build | Farm |
| 21:23 | Build | Farm |
| 21:38 | Create | Villager (Male) |
| 21:42 | Build | Farm |
| 21:47 | Build | Farm |
| 21:49 | Build | Farm |
| 21:55 | Build | Siege Workshop |
| 22:04 | Build | Stable |
| 22:06 | Research | Wheelbarrow |
| 22:12 | Build | House |
| 22:13 | Build | House |
| 22:17 | Create | Villager (Male) ×4 |
| 22:33 | Build | House |
| 22:34 | Build | House |
| 22:36 | Create | Scorpion |
| 22:59 | Build | University |
| 23:10 | Create | Scorpion |
| 23:10 | Create | Scorpion |
| 23:12 | Create | Villager (Male) |
| 23:14 | Create | Villager (Male) |
| 23:14 | Create | Villager (Male) |
| 23:19 | Research | Bloodlines |
| 23:24 | Build | Blacksmith |
| 23:26 | Build | House |
| 23:51 | Research | Hand Cart |
| 23:52 | Create | Villager (Male) ×5 |
| 23:58 | Build | Farm |
| 23:58 | Build | Farm |
| 24:14 | Create | Villager (Male) |
| 24:14 | Create | Villager (Male) |
| 24:27 | Build | Mining Camp |
| 24:30 | Create | Scorpion |
| 24:30 | Create | Scorpion |
| 24:36 | Research | Fortified Wall (upgrade) |
| 24:39 | Create | Villager (Male) |
| 24:39 | Create | Villager (Male) |
| 24:54 | Build | House |
| 24:54 | Build | House |
| 25:00 | Create | Scorpion |
| 25:01 | Create | Scorpion |
| 25:05 | Create | Villager (Male) |
| 25:06 | Create | Villager (Male) |
| 25:14 | Build | Farm |
| 25:15 | Build | Farm |
| 25:17 | Build | Farm |
| 25:20 | Build | Farm |
| 25:23 | Create | Villager (Male) ×5 |
| 25:27 | Research | Heavy Plow |
| 25:39 | Create | Scorpion |
| 25:40 | Create | Scorpion |
| 25:47 | Build | House |
| 25:47 | Build | House |
| 26:05 | Create | Scorpion |
| 26:05 | Create | Scorpion |
Build order — 东伯暴打大黄狗
First 150 of 462 actions detected
| 0:00 | Create | Villager (Male) |
| 0:01 | Create | Villager (Male) |
| 0:01 | Create | Villager (Male) |
| 0:02 | Build | House |
| 0:04 | Build | House |
| 0:15 | Create | Villager (Male) |
| 0:16 | Create | Villager (Male) |
| 0:31 | Build | House |
| 1:34 | Create | Villager (Male) |
| 1:35 | Create | Villager (Male) |
| 2:02 | Create | Villager (Male) |
| 2:34 | Create | Villager (Male) |
| 2:35 | Create | Villager (Male) |
| 2:51 | Build | Lumber Camp |
| 3:03 | Create | Villager (Male) |
| 3:03 | Create | Villager (Male) |
| 3:26 | Create | Villager (Male) |
| 3:27 | Create | Villager (Male) |
| 3:27 | Create | Villager (Male) |
| 3:51 | Create | Villager (Male) |
| 3:51 | Create | Villager (Male) |
| 4:16 | Create | Villager (Male) |
| 4:17 | Create | Villager (Male) |
| 4:17 | Create | Villager (Male) |
| 4:39 | Create | Villager (Male) |
| 4:39 | Create | Villager (Male) |
| 5:11 | Create | Villager (Male) |
| 5:11 | Create | Villager (Male) |
| 5:46 | Build | Mill |
| 5:46 | Create | Villager (Male) |
| 5:47 | Create | Villager (Male) |
| 6:05 | Create | Villager (Male) |
| 6:26 | Create | Villager (Male) |
| 6:50 | Research | Feudal Age |
| 8:08 | Build | House |
| 9:00 | Age | Feudal Age |
| 9:12 | Build | Town Center |
| 9:25 | Create | Villager (Male) |
| 9:32 | Create | Villager (Male) |
| 9:48 | Build | Mill |
| 9:48 | Create | Villager (Male) |
| 10:10 | Create | Villager (Male) |
| 10:15 | Research | Double-Bit Axe |
| 10:22 | Build | House |
| 10:41 | Create | Villager (Male) |
| 10:56 | Create | Villager (Male) |
| 11:06 | Create | Villager (Male) |
| 11:07 | Create | Villager (Male) |
| 11:16 | Build | House |
| 11:17 | Create | Villager (Male) |
| 11:17 | Create | Villager (Male) |
| 11:28 | Build | Farm |
| 11:35 | Build | Farm |
| 11:35 | Create | Villager (Male) |
| 11:36 | Create | Villager (Male) |
| 11:37 | Create | Villager (Male) |
| 11:51 | Build | House |
| 11:52 | Create | Villager (Male) |
| 11:57 | Build | Farm |
| 11:59 | Create | Villager (Male) |
| 12:29 | Build | Farm |
| 12:30 | Create | Villager (Male) |
| 12:34 | Build | House |
| 12:36 | Create | Villager (Male) |
| 12:47 | Create | Villager (Male) |
| 12:55 | Build | Farm |
| 13:05 | Create | Villager (Male) |
| 13:08 | Build | Farm |
| 13:10 | Create | Villager (Male) |
| 13:14 | Build | House |
| 13:15 | Create | Villager (Male) |
| 13:29 | Build | Farm |
| 13:39 | Research | Wheelbarrow |
| 13:41 | Create | Villager (Male) |
| 13:48 | Build | House |
| 13:54 | Build | Farm |
| 14:02 | Build | Farm |
| 14:04 | Create | Villager (Male) |
| 14:18 | Build | Mining Camp |
| 14:22 | Build | House |
| 14:29 | Build | Farm |
| 14:56 | Build | Farm |
| 14:58 | Create | Villager (Male) |
| 15:13 | Create | Villager (Male) |
| 15:16 | Build | House |
| 15:27 | Build | Farm |
| 15:31 | Build | Farm |
| 15:31 | Create | Villager (Male) |
| 15:33 | Build | Farm |
| 15:34 | Create | Villager (Male) |
| 15:42 | Build | Farm |
| 15:44 | Build | Farm |
| 15:45 | Build | Farm |
| 15:46 | Create | Villager (Male) |
| 15:50 | Build | House |
| 15:51 | Create | Villager (Male) |
| 15:58 | Create | Villager (Male) |
| 16:08 | Create | Villager (Male) |
| 16:12 | Build | Farm |
| 16:15 | Build | Farm |
| 16:17 | Build | Farm |
| 16:17 | Create | Villager (Male) |
| 16:24 | Create | Villager (Male) |
| 16:37 | Build | Farm |
| 16:39 | Build | House |
| 16:42 | Build | Farm |
| 16:43 | Create | Villager (Male) |
| 16:50 | Create | Villager (Male) |
| 16:57 | Build | Farm |
| 17:01 | Build | Farm |
| 17:09 | Build | Farm |
| 17:09 | Create | Villager (Male) |
| 17:13 | Build | House |
| 17:31 | Build | Barracks |
| 17:42 | Create | Villager (Male) |
| 17:52 | Build | Blacksmith |
| 17:59 | Create | Villager (Male) |
| 18:27 | Build | Stable |
| 18:28 | Create | Villager (Male) |
| 18:40 | Build | Lumber Camp |
| 18:45 | Create | Villager (Male) |
| 18:50 | Research | Gold Mining |
| 18:53 | Create | Villager (Male) |
| 19:07 | Research | Castle Age |
| 19:09 | Create | Villager (Male) |
| 19:18 | Build | Stable |
| 19:23 | Build | Stable |
| 19:37 | Build | Stable |
| 19:38 | Create | Villager (Male) |
| 19:45 | Build | Farm |
| 20:00 | Research | Bloodlines |
| 20:04 | Create | Villager (Male) |
| 20:10 | Create | Villager (Male) |
| 20:24 | Create | Villager (Male) |
| 20:27 | Create | Villager (Male) |
| 20:33 | Build | Farm |
| 20:40 | Build | Farm |
| 20:51 | Build | House |
| 20:54 | Create | Villager (Male) |
| 21:27 | Create | Villager (Male) |
| 21:29 | Create | Villager (Male) |
| 21:33 | Build | House |
| 21:50 | Age | Castle Age |
| 22:04 | Research | Hand Cart |
| 22:05 | Research | Bow Saw |
| 22:07 | Research | Horse Collar |
| 22:10 | Create | Villager (Male) |
| 22:17 | Create | Steppe Lancer |
| 22:17 | Create | Steppe Lancer |
| 22:18 | Create | Steppe Lancer |
Build order — Jarau
First 150 of 373 actions detected
| 0:02 | Create | Villager (Male) |
| 0:02 | Create | Villager (Male) |
| 0:03 | Build | House |
| 0:05 | Build | House |
| 0:38 | Create | Villager (Male) |
| 0:38 | Create | Villager (Male) |
| 1:16 | Create | Villager (Male) |
| 1:53 | Build | Lumber Camp |
| 2:00 | Create | Villager (Male) |
| 2:06 | Create | Villager (Male) |
| 2:32 | Create | Villager (Male) |
| 3:16 | Create | Villager (Male) |
| 3:24 | Create | Villager (Male) |
| 3:26 | Build | House |
| 4:17 | Create | Villager (Male) |
| 4:18 | Build | House |
| 4:27 | Build | House |
| 4:30 | Create | Villager (Male) |
| 5:01 | Create | Villager (Male) |
| 5:06 | Build | House |
| 5:22 | Build | House |
| 5:28 | Create | Villager (Male) |
| 5:56 | Create | Villager (Male) |
| 6:04 | Build | House |
| 6:16 | Create | Villager (Male) |
| 6:46 | Build | House |
| 6:57 | Create | Villager (Male) |
| 7:19 | Research | Loom |
| 7:33 | Build | House |
| 8:09 | Create | Villager (Male) |
| 8:36 | Create | Villager (Male) |
| 8:42 | Build | Barracks |
| 9:06 | Create | Villager (Male) |
| 9:25 | Build | House |
| 9:42 | Build | Mill |
| 9:46 | Create | Villager (Male) |
| 10:07 | Research | Feudal Age |
| 10:11 | Build | House |
| 10:22 | Build | Outpost |
| 10:45 | Build | House |
| 11:07 | Build | Outpost |
| 11:16 | Build | Mining Camp |
| 11:30 | Build | House |
| 12:09 | Create | Villager (Male) |
| 12:21 | Age | Feudal Age |
| 12:21 | Research | Double-Bit Axe |
| 12:33 | Research | Wheelbarrow |
| 12:49 | Create | Villager (Male) |
| 12:52 | Build | Farm |
| 13:43 | Build | Stable |
| 14:03 | Build | Blacksmith |
| 14:06 | Create | Villager (Male) |
| 14:35 | Build | Farm |
| 14:54 | Build | Farm |
| 14:55 | Build | Farm |
| 14:55 | Build | Farm |
| 14:55 | Build | Farm |
| 14:56 | Build | Farm |
| 14:57 | Create | Villager (Male) |
| 15:18 | Build | Lumber Camp |
| 15:56 | Create | Villager (Male) |
| 16:00 | Build | Farm |
| 16:03 | Build | Farm |
| 16:07 | Build | Farm |
| 16:28 | Build | Farm |
| 16:49 | Research | Castle Age |
| 17:45 | Research | Horse Collar |
| 18:08 | Build | Archery Range |
| 18:13 | Research | Fletching |
| 18:39 | Research | Bloodlines |
| 18:50 | Build | Farm |
| 18:50 | Build | Farm |
| 18:51 | Build | Farm |
| 18:55 | Build | Farm |
| 19:02 | Build | Farm |
| 19:02 | Build | Farm |
| 19:29 | Age | Castle Age |
| 19:31 | Create | Fire Lancer |
| 19:35 | Create | Steppe Lancer |
| 19:38 | Create | Skirmisher |
| 19:42 | Create | Unit 1911 |
| 19:44 | Build | Siege Workshop |
| 19:47 | Create | Villager (Male) |
| 19:56 | Build | Town Center |
| 20:02 | Create | Villager (Male) |
| 20:12 | Create | Steppe Lancer |
| 20:15 | Create | Fire Lancer |
| 20:18 | Create | Unit 1911 |
| 20:42 | Build | Monastery |
| 20:54 | Create | Villager (Male) |
| 20:59 | Research | Husbandry |
| 21:02 | Create | Villager (Male) |
| 21:26 | Create | Steppe Lancer |
| 21:46 | Create | Monk |
| 22:00 | Build | Farm |
| 22:02 | Create | Villager (Male) |
| 22:08 | Create | Villager (Male) |
| 22:09 | Create | Villager (Male) |
| 22:10 | Create | Villager (Male) |
| 22:18 | Create | Steppe Lancer |
| 22:22 | Create | Fire Lancer |
| 22:45 | Create | Villager (Male) |
| 22:46 | Create | Villager (Male) |
| 22:48 | Build | Farm |
| 22:48 | Build | Farm |
| 22:49 | Build | Farm |
| 22:49 | Build | Farm |
| 22:49 | Build | Farm |
| 22:51 | Research | Heavy Plow |
| 23:01 | Create | Villager (Male) |
| 23:31 | Create | Villager (Male) |
| 23:32 | Create | Villager (Male) |
| 23:33 | Research | Town Watch |
| 23:42 | Create | Battering Ram |
| 24:30 | Create | Villager (Male) |
| 24:33 | Research | Hand Cart |
| 24:35 | Create | Villager (Male) |
| 24:41 | Create | Battering Ram |
| 24:44 | Create | Unit 1911 |
| 24:54 | Create | Villager (Male) |
| 24:54 | Create | Villager (Male) |
| 25:21 | Create | Unit 1911 |
| 25:22 | Create | Unit 1911 |
| 25:27 | Create | Fire Lancer |
| 25:30 | Create | Steppe Lancer |
| 25:30 | Create | Steppe Lancer |
| 26:31 | Build | Barracks |
| 26:45 | Build | University |
| 27:07 | Create | Fire Lancer |
| 27:12 | Create | Spearman |
| 27:12 | Create | Spearman |
| 27:16 | Create | Steppe Lancer |
| 27:17 | Create | Steppe Lancer |
| 27:22 | Research | Scale Mail Armor |
| 27:22 | Research | Forging |
| 27:33 | Create | Villager (Male) |
| 27:33 | Create | Villager (Male) |
| 27:36 | Create | Villager (Male) |
| 27:55 | Create | Iron Pagoda |
| 28:23 | Create | Fire Lancer |
| 28:27 | Create | Fire Lancer |
| 28:27 | Create | Fire Lancer |
| 28:30 | Create | Fire Lancer |
| 28:31 | Create | Fire Lancer |
| 28:35 | Create | Unit 1911 |
| 28:53 | Research | Treadmill Crane |
| 29:01 | Create | Fire Lancer |
| 29:01 | Create | Fire Lancer |
| 29:10 | Research | Chain Mail Armor |
| 29:16 | Create | Villager (Male) |
Build order — fezaragoza
First 150 of 351 actions detected
| 0:02 | Build | House |
| 0:06 | Build | House |
| 0:31 | Create | Villager (Male) |
| 0:31 | Create | Villager (Male) |
| 0:31 | Create | Villager (Male) |
| 0:31 | Create | Villager (Male) |
| 1:41 | Create | Villager (Male) |
| 2:19 | Create | Villager (Male) |
| 3:00 | Create | Villager (Male) |
| 3:10 | Create | Villager (Male) |
| 3:27 | Build | Settlement |
| 3:31 | Create | Villager (Male) |
| 4:06 | Create | Villager (Male) |
| 4:45 | Build | House |
| 4:54 | Create | Villager (Male) |
| 5:25 | Create | Villager (Male) |
| 5:36 | Create | Villager (Male) |
| 5:36 | Create | Villager (Male) |
| 6:05 | Build | House |
| 6:19 | Create | Villager (Male) |
| 6:52 | Build | Settlement |
| 7:22 | Create | Villager (Male) |
| 7:23 | Create | Villager (Male) |
| 7:33 | Create | Villager (Male) |
| 8:05 | Build | Settlement |
| 8:10 | Create | Villager (Male) |
| 9:04 | Build | Barracks |
| 9:11 | Research | Feudal Age |
| 10:11 | Build | House |
| 10:13 | Build | House |
| 11:12 | Build | Settlement |
| 11:21 | Age | Feudal Age |
| 11:33 | Create | Villager (Male) |
| 11:33 | Create | Villager (Male) |
| 11:33 | Create | Villager (Male) |
| 11:34 | Create | Villager (Male) |
| 11:34 | Create | Villager (Male) |
| 11:39 | Research | Double-Bit Axe |
| 12:20 | Create | Villager (Male) |
| 12:28 | Build | Archery Range |
| 13:35 | Build | House |
| 13:42 | Build | Blacksmith |
| 13:50 | Create | Villager (Male) |
| 14:08 | Build | Farm |
| 14:28 | Create | Villager (Male) |
| 14:32 | Build | Farm |
| 14:47 | Research | Castle Age |
| 14:59 | Build | Settlement |
| 15:32 | Build | Farm |
| 15:48 | Create | Villager (Male) |
| 16:01 | Build | Farm |
| 16:07 | Build | Farm |
| 16:09 | Build | Farm |
| 16:25 | Build | Farm |
| 16:29 | Create | Villager (Male) |
| 16:30 | Create | Villager (Male) |
| 16:48 | Create | Archer |
| 16:55 | Research | Fletching |
| 16:55 | Research | Padded Archer Armor |
| 16:58 | Create | Archer |
| 16:58 | Create | Archer |
| 16:58 | Create | Archer |
| 16:58 | Create | Archer |
| 16:59 | Create | Archer |
| 16:59 | Create | Archer |
| 17:33 | Age | Castle Age |
| 17:40 | Build | Town Center |
| 17:45 | Create | Villager (Male) |
| 18:20 | Build | Archery Range |
| 18:21 | Build | Archery Range |
| 18:35 | Create | Villager (Male) |
| 18:50 | Create | Villager (Male) |
| 18:51 | Create | Villager (Male) |
| 18:54 | Research | Loom |
| 18:57 | Create | Villager (Male) |
| 18:59 | Create | Villager (Male) |
| 18:59 | Create | Villager (Male) |
| 19:33 | Build | Market |
| 19:35 | Create | Villager (Male) |
| 19:40 | Build | House |
| 19:44 | Create | Villager (Male) |
| 19:58 | Build | Farm |
| 20:15 | Build | Farm |
| 20:19 | Build | Farm |
| 20:24 | Build | Farm |
| 20:28 | Build | Farm |
| 20:36 | Build | House |
| 20:38 | Build | Farm |
| 20:46 | Create | Villager (Male) |
| 21:07 | Research | Crossbowman (upgrade) |
| 21:07 | Research | Crossbowman (upgrade) |
| 21:19 | Create | Villager (Male) |
| 21:32 | Create | Villager (Male) |
| 21:50 | Build | Farm |
| 21:52 | Build | Farm |
| 21:57 | Build | Farm |
| 22:00 | Create | Villager (Male) |
| 22:03 | Create | Villager (Male) |
| 22:05 | Create | Villager (Male) |
| 22:07 | Build | Farm |
| 22:23 | Create | Villager (Male) |
| 22:38 | Build | Farm |
| 22:45 | Research | Leather Archer Armor |
| 22:46 | Create | Archer |
| 22:47 | Create | Archer |
| 22:51 | Create | Villager (Male) |
| 22:57 | Create | Villager (Male) |
| 23:07 | Build | Farm |
| 23:10 | Create | Villager (Male) |
| 23:11 | Create | Villager (Male) |
| 23:20 | Build | Farm |
| 23:23 | Create | Villager (Male) |
| 23:24 | Create | Villager (Male) |
| 23:26 | Build | Farm |
| 23:48 | Create | Villager (Male) |
| 23:50 | Create | Villager (Male) |
| 23:51 | Create | Villager (Male) |
| 24:13 | Build | University |
| 24:15 | Create | Villager (Male) |
| 24:21 | Create | Villager (Male) |
| 24:22 | Create | Villager (Male) |
| 24:25 | Build | Farm |
| 24:47 | Create | Villager (Male) |
| 24:47 | Create | Villager (Male) |
| 25:18 | Research | Thumb Ring |
| 25:33 | Build | Castle |
| 25:40 | Create | Villager (Male) |
| 25:41 | Create | Villager (Male) |
| 25:43 | Build | Farm |
| 25:44 | Build | Farm |
| 25:51 | Create | Villager (Male) |
| 25:53 | Create | Villager (Male) |
| 26:14 | Research | Ballistics |
| 26:35 | Research | Bodkin Arrow |
| 26:42 | Create | Petard |
| 26:42 | Create | Petard |
| 26:42 | Create | Petard |
| 26:43 | Create | Petard |
| 26:54 | Build | Settlement |
| 26:58 | Build | Farm |
| 27:17 | Research | Tech 1365 |
| 27:19 | Create | Villager (Male) |
| 27:44 | Create | Villager (Male) |
| 27:44 | Create | Villager (Male) |
| 27:45 | Create | Villager (Male) |
| 27:47 | Create | Villager (Male) |
| 27:50 | Build | Farm |
| 28:20 | Create | Villager (Male) |
| 28:21 | Create | Villager (Male) |
| 28:24 | Build | Farm |
Build order — 黎羽
First 150 of 637 actions detected
| 0:01 | Create | Villager (Male) |
| 0:01 | Research | Loom |
| 0:02 | Create | Villager (Male) |
| 0:02 | Create | Villager (Male) |
| 0:02 | Create | Villager (Male) |
| 0:10 | Build | House |
| 0:48 | Build | House |
| 0:49 | Build | House |
| 0:50 | Build | House |
| 0:51 | Build | House |
| 1:49 | Create | Villager (Male) |
| 1:49 | Create | Villager (Male) |
| 1:49 | Create | Villager (Male) |
| 2:18 | Create | Villager (Male) |
| 2:18 | Create | Villager (Male) |
| 2:52 | Create | Villager (Male) |
| 2:52 | Create | Villager (Male) |
| 3:19 | Create | Villager (Male) |
| 3:20 | Create | Villager (Male) |
| 3:21 | Create | Villager (Male) |
| 3:21 | Create | Villager (Male) |
| 3:58 | Create | Villager (Male) |
| 3:59 | Create | Villager (Male) |
| 4:23 | Create | Villager (Male) |
| 4:23 | Create | Villager (Male) |
| 4:43 | Build | Mill |
| 4:56 | Create | Villager (Male) |
| 4:56 | Create | Villager (Male) |
| 4:57 | Create | Villager (Male) |
| 4:57 | Create | Villager (Male) |
| 5:28 | Create | Villager (Male) |
| 5:28 | Create | Villager (Male) |
| 5:28 | Create | Villager (Male) |
| 5:55 | Build | Lumber Camp |
| 5:59 | Create | Villager (Male) |
| 6:00 | Create | Villager (Male) |
| 6:00 | Create | Villager (Male) |
| 6:32 | Create | Villager (Male) |
| 6:32 | Create | Villager (Male) |
| 6:32 | Create | Villager (Male) |
| 6:32 | Create | Villager (Male) |
| 7:07 | Create | Villager (Male) |
| 7:07 | Create | Villager (Male) |
| 7:08 | Create | Villager (Male) |
| 7:23 | Build | Farm |
| 7:38 | Build | Mining Camp |
| 8:25 | Build | Farm |
| 8:28 | Build | Farm |
| 8:33 | Create | Villager (Male) |
| 9:04 | Research | Feudal Age |
| 10:26 | Create | Villager (Male) |
| 10:26 | Create | Villager (Male) |
| 11:21 | Age | Feudal Age |
| 11:29 | Build | Blacksmith |
| 11:35 | Build | Market |
| 11:58 | Build | Mill |
| 12:23 | Research | Castle Age |
| 12:23 | Research | Castle Age |
| 12:23 | Research | Castle Age |
| 12:33 | Research | Double-Bit Axe |
| 12:33 | Research | Double-Bit Axe |
| 13:19 | Research | Horse Collar |
| 14:07 | Build | House |
| 14:09 | Build | House |
| 15:03 | Age | Castle Age |
| 15:36 | Create | Villager (Male) |
| 15:37 | Create | Villager (Male) |
| 15:43 | Build | House |
| 15:51 | Build | Lumber Camp |
| 16:27 | Build | House |
| 16:31 | Create | Villager (Male) |
| 16:32 | Create | Villager (Male) |
| 16:32 | Create | Villager (Male) |
| 16:55 | Build | Town Center |
| 17:04 | Research | Bow Saw |
| 17:14 | Build | House |
| 17:15 | Build | House |
| 17:27 | Create | Villager (Male) |
| 17:30 | Build | Farm |
| 17:51 | Build | Town Center |
| 17:59 | Build | Farm |
| 18:06 | Create | Villager (Male) |
| 18:34 | Create | Villager (Male) |
| 18:37 | Build | Farm |
| 18:37 | Build | Farm |
| 18:39 | Build | Farm |
| 18:40 | Build | Farm |
| 18:41 | Build | Farm |
| 18:55 | Build | Farm |
| 19:03 | Create | Villager (Male) |
| 19:03 | Create | Villager (Male) |
| 19:07 | Build | Farm |
| 19:08 | Build | Farm |
| 19:16 | Create | Villager (Male) |
| 19:16 | Create | Villager (Male) |
| 19:17 | Create | Villager (Male) |
| 19:17 | Create | Villager (Male) |
| 19:28 | Create | Villager (Male) |
| 19:33 | Build | Farm |
| 19:35 | Build | Farm |
| 19:38 | Create | Villager (Male) |
| 19:39 | Create | Villager (Male) |
| 19:39 | Create | Villager (Male) |
| 19:39 | Create | Villager (Male) |
| 19:40 | Create | Villager (Male) |
| 19:40 | Create | Villager (Male) |
| 19:44 | Build | Farm |
| 19:46 | Build | Farm |
| 19:48 | Build | Farm |
| 19:51 | Create | Villager (Male) |
| 19:51 | Create | Villager (Male) |
| 20:09 | Build | Farm |
| 20:17 | Create | Villager (Male) |
| 20:17 | Create | Villager (Male) |
| 20:17 | Create | Villager (Male) |
| 20:21 | Build | House |
| 20:27 | Build | House |
| 20:28 | Build | House |
| 20:29 | Build | House |
| 20:37 | Build | Farm |
| 20:39 | Build | Farm |
| 20:44 | Build | Farm |
| 20:47 | Create | Villager (Male) |
| 20:47 | Create | Villager (Male) |
| 20:47 | Create | Villager (Male) |
| 20:47 | Create | Villager (Male) |
| 20:48 | Build | Farm |
| 20:59 | Create | Villager (Male) |
| 20:59 | Create | Villager (Male) |
| 20:59 | Create | Villager (Male) |
| 21:09 | Build | Farm |
| 21:10 | Build | Farm |
| 21:14 | Create | Villager (Male) |
| 21:22 | Build | Farm |
| 21:24 | Build | Farm |
| 21:26 | Create | Villager (Male) |
| 21:26 | Create | Villager (Male) |
| 21:26 | Create | Villager (Male) |
| 21:27 | Create | Villager (Male) |
| 21:39 | Build | Lumber Camp |
| 21:53 | Create | Villager (Male) |
| 21:53 | Create | Villager (Male) |
| 21:56 | Create | Villager (Male) |
| 21:56 | Create | Villager (Male) |
| 22:17 | Build | House |
| 22:28 | Build | Town Center |
| 22:32 | Create | Villager (Male) |
| 22:33 | Create | Villager (Male) |
| 22:33 | Create | Villager (Male) |
| 22:33 | Create | Villager (Male) |
Match timeline
| 8:42 | Jarau · first_building Barracks |
| 9:00 | 东伯暴打大黄狗 · age_up feudal |
| 9:04 | fezaragoza · first_building Barracks |
| 10:50 | KillerChets · age_up feudal |
| 11:07 | KillerChets · first_building Stable |
| 11:21 | fezaragoza · age_up feudal |
| 11:21 | 黎羽 · age_up feudal |
| 11:59 | 常山宪王 · age_up feudal |
| 12:21 | Jarau · age_up feudal |
| 12:28 | fezaragoza · first_building Archery Range |
| 13:31 | KillerChets · age_up castle |
| 13:36 | KillerChets · first_building Monastery |
| 13:43 | Jarau · first_building Stable |
| 15:03 | 黎羽 · age_up castle |
| 15:41 | 常山宪王 · age_up castle |
| 16:45 | 黎羽 · first_market_buy 100 wood |
| 17:31 | 东伯暴打大黄狗 · first_building Barracks |
| 17:33 | fezaragoza · age_up castle |
| 17:38 | 常山宪王 · first_building Castle |
| 18:08 | Jarau · first_building Archery Range |
| 18:27 | 东伯暴打大黄狗 · first_building Stable |
| 18:38 | 常山宪王 · first_market_buy 100 food |
| 18:51 | 常山宪王 · first_building Barracks |
| 19:20 | 常山宪王 · first_building Siege Workshop |
| 19:29 | Jarau · age_up castle |
| 19:39 | KillerChets · first_building Siege Workshop |
| 19:44 | Jarau · first_building Siege Workshop |
| 19:50 | 常山宪王 · first_building Archery Range |
| 20:42 | Jarau · first_building Monastery |
| 21:24 | 常山宪王 · first_building Monastery |
| 21:50 | 东伯暴打大黄狗 · age_up castle |
| 23:04 | fezaragoza · first_market_buy 100 food |
| 25:33 | fezaragoza · first_building Castle |
| 26:11 | 黎羽 · first_building Castle |
| 26:56 | 黎羽 · wall_segment Stone Wall x8 |
| 27:03 | 黎羽 · wall_segment Stone Wall x3 |
| 27:08 | 常山宪王 · wall_segment Stone Wall x1 |
| 27:14 | 黎羽 · wall_segment Stone Wall x16 |
| 27:52 | 黎羽 · first_building Barracks |
| 28:04 | 黎羽 · wall_segment Stone Wall x10 |
| 30:02 | 东伯暴打大黄狗 · first_building Monastery |
| 30:08 | 黎羽 · first_building Archery Range |
| 30:22 | 黎羽 · first_building Stable |
| 30:37 | 常山宪王 · age_up imperial |
| 30:44 | 黎羽 · age_up imperial |
| 31:19 | KillerChets · first_building Castle |
| 31:26 | 常山宪王 · first_market_sell 100 wood |
| 31:32 | fezaragoza · first_market_sell 100 wood |
| 32:43 | 黎羽 · wall_segment Stone Wall x2 |
| 34:34 | 东伯暴打大黄狗 · age_up imperial |
| 34:39 | KillerChets · age_up imperial |
| 34:54 | fezaragoza · age_up imperial |
| 35:55 | 黎羽 · wall_segment Stone Wall x40 |
| 36:21 | Jarau · first_market_sell 100 food |
| 36:33 | KillerChets · tribute_sent a jugador 2 |
| 36:33 | KillerChets · tribute_sent a jugador 3 |
| 36:33 | KillerChets · tribute_sent a jugador 4 |
| 36:33 | KillerChets · tribute_sent a jugador 5 |
| 36:33 | KillerChets · tribute_sent a jugador 6 |
| 36:36 | 东伯暴打大黄狗 · first_building Siege Workshop |
| 36:51 | 东伯暴打大黄狗 · first_building Castle |
| 37:11 | 黎羽 · first_market_sell 100 food |
| 43:43 | Jarau · age_up imperial |
| 43:55 | 黎羽 · first_building Siege Workshop |
| 44:02 | Jarau · first_market_buy 100 food |
| 46:07 | 东伯暴打大黄狗 · tribute_sent a jugador 1 |
| 46:07 | 东伯暴打大黄狗 · tribute_sent a jugador 3 |
| 46:07 | 东伯暴打大黄狗 · tribute_sent a jugador 4 |
| 46:07 | 东伯暴打大黄狗 · tribute_sent a jugador 5 |
| 46:07 | 东伯暴打大黄狗 · tribute_sent a jugador 6 |
| 47:52 | 常山宪王 · tribute_sent a jugador 1 |
| 47:52 | 常山宪王 · tribute_sent a jugador 2 |
| 47:52 | 常山宪王 · tribute_sent a jugador 3 |
| 47:52 | 常山宪王 · tribute_sent a jugador 5 |
| 47:52 | 常山宪王 · tribute_sent a jugador 6 |
| 48:17 | 东伯暴打大黄狗 · resign |
[ AI ANALYSIS · 1 CREDIT ]
What really happened in this match?
Wolo.gg analyzes every decision: build order, eco, micro, common mistakes by bracket. Personalized analysis on WhatsApp or Discord in 30 seconds.
Civ guide
Vietnamese
Perfil
Jugador #6345404